 Dungeon Crawl Stone Soup version 0.26-a0-812-g31a745ddcd (webtiles) character file.

Game seed: 15478968661798854582

2646 Borgoz the Slasher (level 9, -3/77 HPs)
             Began as a Ghoul Monk on Dec 8, 2020.
             Was a Priest of Okawaru.
             Slain by a wolf (5 damage)
             ... on level 7 of the Dungeon.
             The game lasted 00:12:47 (9161 turns).

Borgoz the Slasher (Ghoul Monk)                     Turns: 9161, Time: 00:12:48

Health: -3/77      AC: 14    Str: 17    XL:     9   Next: 62%
Magic:  9/11       EV: 16    Int:  5    God:    Okawaru [***...]
Gold:   326        SH:  0    Dex: 12    Spells: 8/8 levels left

rFire    . . .     SeeInvis .   a - +0 falchion
rCold    + . .     Faith    +   (no shield)
rNeg     + + +     Spirit   .   o - +3 ring mail {MR+}
rPois    ∞         Reflect  .   (no helmet)
rElec    .         Harm     .   (no cloak)
rCorr    +         Rampage  .   c - +0 pair of gloves
MR       +....                  x - +1 pair of boots
Stlth    +++.......             b - amulet of faith
HPRegen  0.00/turn              j - ring of resist corrosion
MPRegen  0.12/turn              (no ring)

@: heroism
A: rotting body, claws 1, cold resistance 1, negative energy resistance 3,
inhibited regeneration, torment resistance, unbreathing
a: Heroism, Renounce Religion


You were on level 7 of the Dungeon.
You worshipped Okawaru.
Okawaru was most pleased with you.
You visited 2 branches of the dungeon, and saw 9 of its levels.

You collected 326 gold pieces.

Inventory:

Hand Weapons
 a - a +0 falchion (weapon)
Armour
 c - a +0 pair of gloves (worn)
 o - a +3 ring mail of magic resistance (worn)
 q - a +1 scale mail of cold resistance
 x - a +1 pair of boots (worn)
Jewellery
 b - an amulet of faith (around neck)
 j - a ring of resist corrosion (left hand)
 t - an uncursed ring of flight
Wands
 l - a wand of random effects (19)
 u - a wand of paralysis (6)
 v - a wand of acid (3)
Scrolls
 d - 6 scrolls of remove curse
 g - 2 scrolls of teleportation
 m - 3 scrolls of magic mapping
 n - a scroll of summoning
 r - a scroll of enchant armour
 s - 2 scrolls of fog
Potions
 e - a potion of cancellation
 f - 2 potions of haste
 h - a potion of brilliance
 i - a potion of magic
 k - 2 potions of flight
 p - a potion of mutation {unknown}
 w - a potion of resistance


   Skills:
 + Level 6.3(11.3) Fighting
 * Level 6.8(11.8) Long Blades
 * Level 6.3(11.3) Armour
 + Level 5.2(10.2) Dodging
 - Level 2.1(7.1) Stealth
 + Level 4.4 Invocations


You had 8 spell levels left.
You didn't know any spells.
Your spell library contained the following spells:

 Spells                   Type           Power        Failure   Level
 Animate Skeleton         Necr           #.....       63%         1
 Pain                     Necr           #...         63%         1
 Vampiric Draining        Necr           #.........   94%         3
 Animate Dead             Necr           #.........   100%        4
 Agony                    Necr           #.......     100%        5
 Irradiate                Conj/Tmut      #.........   100%        5
 Hydra Form               Tmut           Unusable     N/A         6
 Statue Form              Tmut/Erth      Unusable     N/A         6
 Dragon Form              Tmut           Unusable     N/A         7

Dungeon Overview and Level Annotations

Branches:
Dungeon (8/15)             Temple (1/1) D:6
   Lair: D:8-11

Altars:
Ashenzari
Cheibriados
Dithmenos
Elyvilon
Fedhas
Gozag
Hepliaklqana
Kikubaaqudgha
Makhleb
Nemelex Xobeh
Okawaru
Qazlal
Ru
Sif Muna
Trog
Uskayaw
Vehumet
Wu Jian
Xom
Yredelemnul
Zin
The Shining One

Shops:
D:5 [   D:7 *

Annotations:
D:4 2 transporters


Innate Abilities, Weirdness & Mutations

Your body is rotting away.
You thrive by killing the living.
You are immune to poison.
You have sharp fingernails.
Your flesh is cold resistant. (rC+)
You are immune to negative energy. (rN+++)
You do not regenerate when monsters are visible.
You are immune to unholy pain and torment.
You can survive without breathing.


Message History

The wolf barely misses you.
The wolf pauses to sniff the ground.
The wolf bites you!
* * * LOW HITPOINT WARNING * * *
There is a stone staircase leading up here.
The wolf barely misses you.
You riposte.
You closely miss the wolf.
The wolf is moderately wounded.
The wolf barely misses you.
The centaur simulacrum hits you but does no damage.
You climb upwards.
There is a stone staircase leading down here.
Okay, then.
You gain the combat prowess of a mighty hero.
The wolf closely misses you.
The wolf pauses to sniff the ground.
The wolf barely misses you.
You closely miss the wolf.
The wolf is moderately wounded.
The wolf bites you.
You die...

#.# ####8(####.........##
#.#
#.###..'..'..##.........#
#.#
#.##..8#..#8..#.##....#.#
#.#
#.##.####'###.#.#.....#.#
#.#
#.##'#....((#'#.......#.#
#.#
#.##.########.#.......#.#
#.#
#.##..8#..#8..#..#...##.#
#.#
#)###..'.)'..##h###.###.#
#.# ##.######.8#####@# #.#
#.# #.#
...#....#'##...#.###.###.#
#.#
.........................#
#.#
[..............#.......###
#.#
#.###.....<....##.####.#
#.# #.# ####...###.##.#
#.# ##.# #.######...#
#.##.# #.# #####.#.
#.....##...# #.##.# #.#
#..<.### #####.######
#....# ### #####.#.


You could see a wolf.

Vanquished Creatures
  Pikel (D:6)
  Grinder (D:3)
  Menkaure (D:5)
  Edmund (D:4)
  A water moccasin (D:8)
  An ice beast (D:8)
  A phantom (D:4)
  An ogre (D:7)
  2 centaurs
  A necrophage (D:7)
  A big kobold (D:7)
  A wyvern zombie (D:7)
  3 wights
  A howler monkey (D:6)
  A quasit (D:6)
  A bullfrog zombie (D:6)
  A jelly (D:7)
  4 orc priests
  3 hounds
  4 orc wizards
  Ijyb (D:2)
  Natasha (thrice) (D:3)
  An iguana (D:4)
  A worker ant (D:8)
  Robin (D:3)
  A howler monkey zombie (D:7)
  7 adders
  4 white imps
  A worker ant simulacrum (D:8)
  3 ufetubi
  2 oozes
  2 adder zombies
  An adder skeleton (D:5)
  A worm (D:3)
  A dart slug (D:2)
  8 leopard geckos
  21 orcs
  5 giant cockroaches (D:1)
  15 goblins
  9 hobgoblins
  12 jackals
  A quokka (D:7)
  4 ball pythons
  12 bats
  5 frilled lizards
  13 kobolds
  A quokka skeleton (D:4)
  13 rats
180 creatures vanquished.

Vanquished Creatures (others)
  6 plants (D:4)
6 creatures vanquished.

Grand Total: 186 creatures vanquished

Notes
Turn   | Place    | Note
-------+----------+-------------------------------------------
     0 | D:1      | Borgoz the Ghoul Monk began the quest for the Orb.
     0 | D:1      | Reached XP level 1. HP: 19/19 MP: 0/0
   321 | D:1      | Reached XP level 2. HP: 17/26 MP: 1/1
   442 | D:1      | Found a broken altar of Ashenzari.
   576 | D:1      | Reached skill level 1 in Armour
   606 | D:1      | Reached XP level 3. HP: 25/31 MP: 2/2
  1415 | D:2      | Reached XP level 4. HP: 36/40 MP: 3/3
  1892 | D:3      | Noticed Ijyb
  1898 | D:3      | Paralysed by Ijyb for 7 turns
  1921 | D:2      | HP: 2/40 [bat (1)]
  2134 | D:2      | Paralysed by Ijyb for 4 turns
  2146 | D:2      | Paralysed by Ijyb for 5 turns
  2163 | D:2      | Killed Ijyb
  2163 | D:2      | Reached XP level 5. HP: 32/46 MP: 4/4
  2401 | D:3      | Noticed Robin
  2546 | D:3      | Killed Robin
  2688 | D:3      | Noticed Natasha
  2742 | D:3      | Killed Natasha
  2753 | D:3      | Reached XP level 6. HP: 33/52 MP: 5/5
  2814 | D:3      | Noticed Natasha
  2821 | D:3      | Killed Natasha
  2909 | D:3      | Noticed Natasha
  2929 | D:3      | Killed Natasha
  3225 | D:3      | Found an opulent altar of Gozag.
  3225 | D:3      | Found a faded altar of an unknown god.
  3231 | D:3      | Found a shimmering altar of Xom.
  3233 | D:3      | Found an iron altar of Okawaru.
  3249 | D:3      | Found a glowing silver altar of Zin.
  3255 | D:3      | Became a worshipper of Warmaster Okawaru
  3255 | D:3      | Reached * piety under Okawaru
  3255 | D:3      | Reached ** piety under Okawaru
  3286 | D:3      | Noticed Grinder
  3311 | D:3      | Killed Grinder
  3311 | D:3      | Reached skill level 1 in Invocations
  3311 | D:3      | Reached XP level 7. HP: 55/60 MP: 2/6
  3647 | D:4      | Found a transporter.
  3652 | D:4      | Noticed a kobold demonologist
  4099 | D:4      | Found a transporter.
  4138 | D:4      | Reached skill level 5 in Long Blades
  4151 | D:4      | Reached skill level 5 in Fighting
  4159 | D:4      | You fall into a shaft and drop 2 floors!
  4498 | D:5      | Entered Level 5 of the Dungeon
  4504 | D:5      | Reached XP level 8. HP: 63/68 MP: 8/8
  4606 | D:5      | Noticed Edmund
  4667 | D:4      | Killed Edmund
  4987 | D:4      | Found a broken altar of Ashenzari.
  4987 | D:4      | Found a snail-covered altar of Cheibriados.
  4988 | D:4      | Found a hide-covered altar of Uskayaw.
  5229 | D:5      | Noticed Menkaure
  5230 | D:5      | Found Ceatotau's Armour Shop.
  5239 | D:5      | Killed Menkaure
  5239 | D:5      | Reached *** piety under Okawaru
  6428 | D:6      | Reached skill level 5 in Armour
  6986 | D:6      | Found a staircase to the Ecumenical Temple.
  7059 | Temple   | Entered the Ecumenical Temple
  7235 | D:6      | Noticed Pikel
  7266 | D:6      | Killed Pikel
  7266 | D:6      | Reached XP level 9. HP: 12/75 MP: 10/10
  7923 | D:7      | Reached skill level 5 in Dodging
  7934 | D:7      | Found Gozag's Platinum Reserve.
  7957 | D:7      | Found an opulent altar of Gozag.
  8004 | D:7      | Found a burning altar of Makhleb.
  8033 | D:7      | Noticed a purple ugly thing
  9113 | D:8      | Reached **** piety under Okawaru
  9157 | D:8      | HP: 2/77 [wolf (8)]
  9161 | D:7      | Slain by a wolf

Illustrated notes

Levels and vault maps discovered:
D:1:      psy_arrival_terrarium, layout_basic, ashenzari_altar_1
D:2:      layout_basic
D:3:      layout_basic, chequers_temple_overflow_minitemple, uniq_natasha,
          uniq_ijyb, uniq_grinder, uniq_robin
D:4:      gammafunk_wand_slinger, layout_loops_cross,
          gammafunk_temple_overflow_claw, minmay_lizard_king
D:5:      layout_rooms, serial_shops, shop, uniq_menkaure, uniq_edmund
D:6:      layout_basic, temple_hall, lemuel_old_faithful, uniq_pikel
D:7:      minmay_chambers_of_sixes, layout_loops_ring,
          nicolae_overflow_hidden_temple, nicolae_gozag_zags_fifth_avenue
D:8:      layout_rooms, serial_ice, serial_ice_f, serial_ice_k, serial_ice_m,
          serial_ice_c, serial_ice_b, serial_ice_h, serial_ice_g, serial_ice_o,
          serial_ice_d, serial_ice_e
Temple:   zaba_magenta_temple

Skill      XL: |  1  2  3  4  5  6  7  8  9 |
---------------+----------------------------+-----
Long Blades    | 3 4 5 6 |  6.8
Armour         | 1 2 3 4 5 6 |  6.3
Dodging        | 3 4 5 |  5.2
Fighting       | 4 5 6 |  6.3
Invocations    | 1 2 3 4 |  4.4
Stealth        | |  2.1

Action                   |  1- 3 |  4- 6 |  7- 9 || total
-------------------------+-------+-------+-------++-------
Melee: Falchion          |   116 |   234 |   658 ||  1008
       Punch             |       |     1 |     2 ||     3
Invok: Heroism           |       |     2 |     8 ||    10
Evoke: Wand              |       |       |     3 ||     3
  Use: Potion            |       |     5 |     3 ||     8
       Scroll            |       |     1 |    12 ||    13
 Stab: Invisible         |       |       |     2 ||     2
Armor: Robe              |    15 |       |       ||    15
       Ring mail         |    17 |   126 |   339 ||   482
       Scale mail        |    12 |    76 |       ||    88
Dodge: Dodged            |    87 |   221 |   511 ||   819
       Rpst.: Falchion   |    28 |    65 |   143 ||   236

Table legend: (Time is in decaauts)
 A = Elapsed time spent in this place.
 B = Non-inter-level travel time spent in this place.
 C = Inter-level travel time spent in this place.
 D = Time resting spent in this place.
 E = Time spent auto-exploring this place.
 F = Levels seen in this place.
 G = Mean time per level.
                   A        B        C        D        E       F      G
               +--------+--------+--------+--------+--------+-----+--------+
         Total |   9167 |   8837 |    330 |   2928 |   4111 |   9 | 1018.6 |
       Dungeon |   9090 |   8779 |    311 |   2928 |   4054 |   8 | 1136.2 |
        Temple |     76 |     57 |     19 |      0 |     57 |   1 |   76.0 |
               +--------+--------+--------+--------+--------+-----+--------+

Top non-repeatable levels by time:
     D:6: 2434 daAuts
     D:2: 1412 daAuts
     D:4: 1169 daAuts
     D:1: 1135 daAuts
     D:3: 1093 daAuts
     D:5: 857 daAuts
     D:7: 852 daAuts
     D:8: 135 daAuts
  Temple: 76 daAuts
